 Dungeon Crawl Stone Soup version 0.18.1-1-g2f07953 (webtiles) character file.

54108 Medar the Brawler (level 14, -1/141 HPs)
             Began as a Troll Chaos Knight on May 6, 2016.
             Slain by a phantasmal warrior (33 damage)
             ... led by a death knight
             ... on level 10 of the Dungeon.
             The game lasted 01:11:09 (20729 turns).

Medar the Brawler (Troll Chaos Knight)             Turns: 20729, Time: 01:11:09

Health: -1/141     AC: 18    Str: 30    XL:     14   Next: 33%
Magic:  22/22      EV:  9    Int:  8    God:    Xom [..*...]
Gold:   2964       SH:  0    Dex: 12    Spells: 3 memorised, 9 levels left

rFire  . . .     SeeInvis .       - Unarmed
rCold  . . .     Gourm    +     v - +1 swamp dragon armour of Upuod {rPois MR+ MP+9 Str+2} (curse)
rNeg   . . .     Faith    .     (no shield)
rPois  +         Spirit   .     O - +1 hat
rElec  .         Dismiss  .     h - +0 cloak
rCorr  .         Reflect  .     (gloves unavailable)
SustAt .         Harm     +     (boots unavailable)
MR     ++...                    j - amulet of harm
Stlth  +.........               t - +4 ring of strength
                                a - +3 ring of protection

@: very slightly contaminated, very resistant to hostile enchantments, very
unstealthy
A: unfitting armour, claws 3, fast metabolism 3, gourmand, regeneration 2,
shaggy fur 1, tough skin 2
a: Renounce Religion


You were on level 10 of the Dungeon.
You worshipped Xom.
You were a toy of Xom.
You were very full.

You visited 2 branches of the dungeon, and saw 19 of its levels.
You also visited: Sewer and Ice Cave.

You collected 2964 gold pieces.

Inventory:

Hand Weapons
 u - a +1 blowgun
Missiles
 p - 40 poisoned needles
 q - 4 javelins (quivered)
 E - a throwing net {=f =F}
Armour
 h - a +0 cloak (worn)
 v - the cursed +1 swamp dragon armour of Upuod (worn) {rPois MR+ MP+9 Str+2}
   (You found it in an ice cave)

   It affects your strength (+2).
   It protects you from poison.
   It affects your resistance to hostile enchantments.
   It affects your magic capacity (+9).
   It has a curse placed upon it.
 x - a +2 robe of resistance
 O - a +1 hat (worn)
 Q - the +0 robe "Dewan" {rElec Regen+ Stlth+}
   (You found it on level 4 of the Lair of Beasts)

   It insulates you from electricity.
   It increases your rate of regeneration.
   It makes you more stealthy.
Jewellery
 a - a +3 ring of protection (left claw)
 j - an amulet of harm (around neck)
 t - a +4 ring of strength (right claw)
 N - an uncursed ring of protection from magic
 P - an uncursed ring of ice
 R - an uncursed amulet of the gourmand {unknown}
Wands
 e - a wand of enslavement (15/24)
 l - a wand of acid (1/15)
 y - a wand of digging (7/24)
 z - a wand of iceblast (8/15)
 F - a wand of disintegration (8/24)
 L - a wand of lightning (7/15)
 M - a wand of paralysis (0/24)
 U - a wand of flame (32/48)
 Y - a wand of teleportation (0/9)
Scrolls
 d - 2 scrolls of fear
 m - a scroll of recharging
 A - 5 scrolls of teleportation
 C - 6 scrolls of remove curse {@r1}
 D - a scroll of enchant armour {unknown}
 H - a scroll of brand weapon {unknown}
 I - a scroll of vulnerability {unknown}
 S - a scroll of fog {unknown}
 Z - a scroll of immolation {unknown}
Potions
 c - a potion of curing {@q1}
 f - 2 potions of cancellation
 g - 2 potions of resistance
 i - 2 potions of cure mutation {!q}
 k - a potion of magic
 o - 3 potions of brilliance {unknown}
 r - 2 potions of agility
 s - a potion of haste
 w - a potion of heal wounds
 B - a potion of might
 K - 2 potions of berserk rage {!q}
 T - 5 potions of invisibility
 W - a potion of ambrosia
 X - a potion of flight
Comestibles
 b - 11 bread rations {@e1}
 J - 11 fruits {@e3}


   Skills:
 + Level 9.6 Fighting
 - Level 4.6 Throwing
 + Level 7.2 Armour
 - Level 2.2 Dodging
 * Level 19.2 Unarmed Combat


You had 9 spell levels left.
You knew the following spells:

 Your Spells              Type           Power        Failure   Level  Hunger
a - Blink                 Tloc           N/A          85%         2    ###....
b - Apportation           Tloc           #.........   63%         1    ##.....
c - Summon Butterflies    Summ           #.......     63%         1    ##.....


Dungeon Overview and Level Annotations

Branches:
Dungeon (11/15)            Temple (0/1) D:6            Lair (8/8) D:10
  Swamp (0/4) Lair:6       Spider (0/4) Lair:4        Slime (0/6) Lair:7
    Orc: D:9-12

Altars:
Ashenzari
Dithmenos
Elyvilon
Makhleb
Nemelex Xobeh
Okawaru
Xom
Yredelemnul

Shops:
D:9 :

Annotations:
Lair:8 exclusion: ice statue


Innate Abilities, Weirdness & Mutations

You are too large for most types of armour.
You have claws for hands.
Your metabolism is lightning-fast.
You like to eat raw meat.
You heal very quickly.
You are covered in fur (AC +1).
You have very tough skin (AC +2).


Message History

The phantasmal warrior closely misses you.
Read which item? (? for menu, Esc to quit)
Okay, then.
Read which item? (? for menu, Esc to quit)
Okay, then.
Read which item? (? for menu, Esc to quit)
Blink to where?
Press: ? - help, Dir - move target cursor You are very lightly contaminated with residual magic.
As you read the scroll of blinking, it crumbles to dust.
The phantasmal warrior blinks!
The phantasmal warrior hits you!
* * * LOW HITPOINT WARNING * * *
You climb upwards.
There is a stone staircase leading down here.
You scratch the phantasmal warrior but do no damage.
The phantasmal warrior is lightly damaged.
The phantasmal warrior hits you!!
You die...
Xom chortles!

.....#......#.........#..........
.....#......###########..........
.....#...........................
.....#..................####'####
.....######....)........#........
..........#..)).........#.....###
.........##.....W########.....#.)
########.#......@#.........####..
#......#.#.......#.........#.....
#......#.#.......#.........#.....
#......#.#.).....#.........#.....
##''####.#....####.........#.....
.........#....#............#..##'
.........#....#............#..#..
.........#....#............##'#..


You could see a phantasmal warrior.

Vanquished Creatures
  A ghost moth (Lair:4)
  Snorg (Lair:5)
  The ghost of MagicLamp the Severer, a journeyman HOGl of Qazlal (D:10)
  4 hydras
  A death knight (D:10)
  7 death yaks
  A shock serpent (Lair:3)
  An unseen horror (D:11)
  A phantasmal warrior (D:11)
  2 hill giants
  A necromancer (IceCv)
  2 ugly things (D:11)
  A griffon (Lair:8)
  A sixfirhy (IceCv)
  2 black mambas
  4 ice statues (IceCv)
  10 elephants
  A guardian serpent (Lair:8)
  9 spiny frogs
  A rime drake (Lair:8)
  11 komodo dragons
  11 ice devils (IceCv)
  A hellwing (IceCv)
  2 trolls
  The ghost of MTVSty1e the Covered, an amateur MiFi (Sewer)
  4 polar bears
  A two-headed ogre (D:9)
  A giant leech (Lair:6)
  13 blink frogs
  Sigmund (D:4)
  24 yaks
  A wyvern (D:9)
  A wraith (D:11)
  2 redbacks (Lair:4)
  8 humans (Lair:1)
  3 basilisks
  Grum (D:8)
  6 hippogriffs
  3 hungry ghosts
  A fire bat (Lair:7)
  Eustachio (D:4)
  3 wargs (D:10)
  2 swamp worms (Lair:6)
  14 water moccasins
  12 porcupines
  2 orc warriors (D:10)
  2 swamp drakes
  2 wasps
  5 sky beasts
  A black bear (Lair:1)
  7 ice beasts
  2 eyes of draining (D:10)
  3 phantoms
  2 necrophages (D:11)
  6 ogres
  6 wolves
  3 centaurs
  11 crocodiles
  2 big kobolds
  22 giant frogs
  2 scorpions
  5 killer bees
  3 electric eels (Lair:1)
  5 draconian simulacra (IceCv)
  4 crimson imps
  A giant frog zombie (D:10)
  A wasp zombie (D:10)
  4 centaur zombies
  8 hounds
  A jelly (D:5)
  8 orc priests
  7 iguanas
  Jessica (D:1)
  6 worker ants
  Natasha (thrice) (D:2)
  9 orc wizards
  A troll simulacrum (IceCv)
  A spriggan simulacrum (IceCv)
  A killer bee zombie (D:11)
  18 sheep
  A centaur simulacrum (IceCv)
  2 hound skeletons
  A howler monkey zombie (D:5)
  A mummy (D:11)
  2 worker ant zombies
  2 howler monkey skeletons
  21 adders
  11 gnolls
  2 naga simulacra (IceCv)
  44 river rats
  4 shadow imps
  14 white imps
  13 oozes
  2 adder skeletons
  An adder zombie (D:7)
  2 worms
  2 dart slugs (D:1)
  9 giant geckos
  36 orcs
  7 bats
  21 giant cockroaches
  3 goblins
  4 hobgoblins
  8 jackals
  2 quokkas
  6 ball pythons
  A giant gecko skeleton (D:4)
  20 giant newts
  A jackal zombie (D:5)
  11 kobolds
  A quokka skeleton (D:7)
  2 quokka zombies
  6 rats
608 creatures vanquished.

Vanquished Creatures (collateral kills)
  2 yaks (Lair:2)
  An orc wizard (D:8)
3 creatures vanquished.

Vanquished Creatures (others)
  A death yak (Lair:4)
  3 yaks
  A crimson imp (D:11)
  31 fungi
  9 plants
  2 withered plants (D:11)
47 creatures vanquished.

Grand Total: 658 creatures vanquished

Notes
Turn   | Place    | Note
--------------------------------------------------------------
     0 | D:1      | Medar the Troll Chaos Knight began the quest for the Orb.
     0 | D:1      | Reached XP level 1. HP: 22/22 MP: 0/0
    15 | D:1      | XOM: harmless Summ miscast
    72 | D:1      | XOM: silly message
   220 | D:1      | Reached XP level 2. HP: 29/29 MP: 1/1
   624 | D:1      | XOM: harmless Hex miscast
   757 | D:2      | Noticed Jessica
   762 | D:2      | XOM: divination: detect items
   765 | D:1      | Killed Jessica
   765 | D:1      | Reached XP level 3. HP: 36/36 MP: 2/2
   774 | D:2      | Reached skill level 4 in Unarmed Combat
   822 | D:2      | XOM: divination: magic mapping
   917 | D:2      | Noticed Natasha
   926 | D:2      | XOM: enchant monster (good)
   946 | D:2      | XOM: noise
   949 | D:2      | Killed Natasha
   949 | D:2      | Reached XP level 4. HP: 40/44 MP: 3/3
   952 | D:2      | XOM: polymorph kobold -> river rat
  1018 | D:2      | Reached skill level 5 in Unarmed Combat
  1069 | D:2      | Found an iron altar of Okawaru.
  1242 | D:2      | Noticed Natasha
  1247 | D:2      | Killed Natasha
  1247 | D:2      | Reached XP level 5. HP: 37/50 MP: 4/4
  1377 | D:2      | Noticed Natasha
  1382 | D:2      | XOM: stat loss: -1 Int (7/8)
  1383 | D:2      | Killed Natasha
  1403 | D:2      | XOM: summons 2 hostile demons
  1404 | D:2      | Noticed an orange demon
  1503 | D:3      | XOM: enchant monster (bad)
  1571 | D:3      | Noticed a phantom
  1571 | D:3      | XOM: repel stairs
  1578 | D:3      | XOM: 4-stop teleportation journey
  1694 | D:2      | Reached skill level 6 in Unarmed Combat
  1890 | D:3      | Killed a phantom
  1890 | D:3      | Reached XP level 6. HP: 45/59 MP: 5/5
  2061 | D:3      | XOM: smoke on damage
  2076 | D:3      | XOM: smoke on damage
  2457 | D:4      | XOM: summons 3 hostile shadow creatures
  2476 | D:4      | XOM: smoke on damage
  2484 | D:4      | XOM: 2-stop teleportation journey
  2509 | D:4      | Noticed Eustachio
  2518 | D:4      | XOM: 4-stop teleportation journey
  2522 | D:4      | Reached skill level 7 in Unarmed Combat
  2574 | D:4      | Noticed Sigmund
  2580 | D:4      | Killed Sigmund
  2580 | D:4      | Reached XP level 7. HP: 66/66 MP: 6/6
  2628 | D:4      | Killed Eustachio
  2628 | D:4      | Reached skill level 8 in Unarmed Combat
  3096 | D:5      | Entered Level 5 of the Dungeon
  3102 | D:5      | Reached skill level 9 in Unarmed Combat
  3158 | D:5      | XOM: enchant monster (bad)
  3178 | D:5      | XOM: harmless Tloc miscast
  3184 | D:5      | Reached XP level 8. HP: 72/74 MP: 7/7
  3257 | D:5      | Found a glowing drain.
  3261 | Sewer    | Entered a sewer
  3304 | Sewer    | Noticed MTVSty1e's ghost (amateur MiFi)
  3318 | Sewer    | Killed MTVSty1e's ghost
  3318 | Sewer    | Reached skill level 10 in Unarmed Combat
  3555 | Sewer    | XOM: give mutations
  3555 | Sewer    | Gained mutation: You are clumsy. (Dex -2) [Xom's mischief]
  3555 | Sewer    | Gained mutation: You are very clumsy. (Dex -4) [Xom's mischief]
  3616 | Sewer    | XOM: silly message
  3704 | Sewer    | XOM: snakes to sticks
  3742 | Sewer    | XOM: cast spell 'Disjunction'
  3836 | D:5      | XOM: divination: detect items
  3907 | D:5      | XOM: cast spell 'Ice Form'
  4087 | D:5      | Reached skill level 11 in Unarmed Combat
  4237 | D:5      | XOM: colour smoke trail
  4538 | D:6      | XOM: 2-stop teleportation journey
  4638 | D:6      | XOM: cast spell 'Monstrous Menagerie'
  4672 | D:6      | Found a shadowy altar of Dithmenos.
  4726 | D:6      | Found a staircase to the Ecumenical Temple.
  4869 | D:6      | Found a white marble altar of Elyvilon.
  4902 | D:6      | XOM: god gift: 1690 gold pieces
  4944 | D:6      | XOM: god gift: 22 gold pieces
  5026 | D:6      | Reached XP level 9. HP: 78/83 MP: 8/8
  5054 | D:6      | Paralysed by a wasp for 2 turns
  5140 | D:7      | XOM: potion effect (invisibility)
  5306 | D:7      | Gained mutation: You have large cloven feet. [mutagenic meat]
  5307 | D:7      | Gained mutation: Scrolls take you a little longer to read. [mutagenic meat]
  5309 | D:7      | Lost mutation: You are very clumsy. (Dex -4) [mutagenic meat]
  5310 | D:7      | Gained mutation: Your system is resistant to poisons. [mutagenic meat]
  5479 | D:7      | Reached skill level 12 in Unarmed Combat
  5545 | D:7      | Found a shattered altar of Ashenzari.
  5644 | D:7      | XOM: god gift: glowing inky potion
  5865 | D:8      | Learned a level 2 spell: Blink
  5867 | D:8      | Learned a level 1 spell: Apportation
  5885 | D:8      | XOM: scenery: create altars
  5900 | D:8      | XOM: vitrification
  6155 | D:8      | Found a white marble altar of Elyvilon.
  6263 | D:8      | XOM: polymorph hound -> adder
  6300 | D:8      | Noticed Grum
  6317 | D:8      | Reached skill level 5 in Fighting
  6327 | D:8      | Killed Grum
  6405 | D:8      | You fall through a shaft for 3 floors!
  6494 | D:11     | Noticed a gargoyle
  6509 | D:11     | Reached skill level 13 in Unarmed Combat
  6543 | D:11     | Reached XP level 10. HP: 95/96 MP: 9/9
  6570 | D:11     | Noticed a hill giant
  6575 | D:11     | XOM: divine lightning
  6590 | D:11     | Noticed a brown ugly thing
  6692 | D:11     | Killed a brown ugly thing
  6704 | D:10     | Entered Level 10 of the Dungeon
  6745 | D:10     | XOM: scenery: create altars
  6896 | D:10     | XOM: scenery: create altars
  6914 | D:10     | XOM: divination: detect creatures
  6941 | D:11     | Noticed a phantasmal warrior
  6990 | D:9      | XOM: enchant monster (good)
  7046 | D:9      | XOM: divination: magic mapping
  7068 | D:9      | Found a sparkling altar of Nemelex Xobeh.
  7113 | D:9      | Found Gitraz's Book Boutique.
  7150 | D:9      | XOM: 4-stop teleportation journey
  7455 | D:9      | XOM: summons friendly quasit
  7575 | D:9      | Reached skill level 14 in Unarmed Combat
  7656 | D:9      | Found a basalt altar of Yredelemnul.
  7765 | D:9      | XOM: polymorph orc warrior -> wasp
  7776 | D:9      | XOM: potion effect (might)
  7779 | D:9      | XOM: vitrification
  8081 | D:9      | Found a burning altar of Makhleb.
  8083 | D:9      | Found a shimmering altar of Xom.
  8671 | D:10     | Noticed MagicLamp's ghost (journeyman HOGl)
  8724 | D:10     | XOM: fake destruction
  8730 | D:10     | XOM: blink monster(s)
  8731 | D:10     | XOM: scenery: 1 doors close
  8989 | D:10     | Found a staircase to the Lair.
  9011 | D:10     | Reached XP level 11. HP: 109/109 MP: 10/10
  9141 | D:10     | Noticed a hill giant
  9147 | D:10     | Killed a hill giant
  9167 | D:10     | XOM: enchant monster (good)
  9178 | D:10     | Killed MagicLamp's ghost
  9178 | D:10     | Reached skill level 15 in Unarmed Combat
  9220 | D:10     | XOM: vitrification
  9530 | Lair:1   | Entered Level 1 of the Lair of Beasts
  9918 | Lair:1   | XOM: colour smoke trail
 10021 | Lair:1   | Reached skill level 1 in Armour
 10042 | Lair:1   | XOM: summons friendly ufetubus
 10084 | Lair:1   | XOM: scenery: create altars
 10085 | Lair:1   | XOM: god gift: scroll labeled GIZUER OVUE
 10127 | Lair:1   | XOM: vitrification
 10906 | Lair:2   | Noticed a six-headed hydra
 10952 | Lair:2   | Reached skill level 1 in Throwing
 11358 | Lair:2   | XOM: scenery: create altars
 11363 | Lair:2   | XOM: scenery: create altars
 11478 | Lair:2   | XOM: confuse monster(s)
 11513 | Lair:2   | XOM: enchant monster (good)
 11515 | Lair:2   | XOM: scenery: create altars
 11859 | Lair:2   | Killed a six-headed hydra
 11859 | Lair:2   | Reached XP level 12. HP: 120/120 MP: 11/11
 11898 | Lair:3   | XOM: scenery: create altars
 11969 | Lair:3   | XOM: smoke on damage
 12292 | Lair:3   | Reached skill level 16 in Unarmed Combat
 12328 | Lair:3   | XOM: noise
 12330 | Lair:3   | XOM: summons 2 hostile demons
 12338 | Lair:3   | XOM: stat loss: -1 Str (23/24)
 12356 | Lair:3   | XOM: colour smoke trail
 12405 | Lair:3   | XOM: 5-stop teleportation journey
 12544 | Lair:3   | XOM: polymorph elephant -> shock serpent
 12642 | Lair:3   | XOM: give mutations
 12642 | Lair:3   | Gained mutation: Your body sometimes deteriorates upon taking damage. [Xom's mischief]
 12642 | Lair:3   | Lost mutation: Your body sometimes deteriorates upon taking damage. [Xom's mischief]
 12689 | Lair:3   | XOM: vitrification
 12808 | Lair:3   | XOM: god gift: 39 gold pieces
 13279 | Lair:4   | Got a fine robe
 13291 | Lair:4   | Identified the +0 robe "Dewan" {rElec Regen+ Stlth+} (You found it on level 4 of the Lair of Beasts)
 13313 | Lair:4   | Found a frozen archway.
 13329 | Lair:4   | XOM: cast spell 'Necromutation'
 13359 | IceCv    | Entered an ice cave
 13365 | IceCv    | XOM: polymorph ice devil -> sixfirhy
 13373 | IceCv    | XOM: enchant monster (good)
 13393 | IceCv    | XOM: enchant monster (bad)
 13413 | IceCv    | Reached skill level 17 in Unarmed Combat
 13580 | IceCv    | XOM: noise
 13820 | IceCv    | XOM: destruction
 13826 | IceCv    | XOM: polymorph ice devil -> hellwing
 13837 | IceCv    | XOM: summons 3 friendly demons
 14000 | IceCv    | XOM: summons 2 hostile demons
 14001 | IceCv    | XOM: blink monster(s)
 14039 | IceCv    | XOM: enchant monster (good)
 14271 | IceCv    | XOM: cast spell 'Summon Small Mammal'
 14277 | IceCv    | XOM: smoke on damage
 14370 | IceCv    | Got an agate-encrusted swamp dragon armour
 14381 | IceCv    | Identified the cursed +1 swamp dragon armour of Upuod {rPois MR+ MP+9 Str+2} (You found it in an ice cave)
 14381 | IceCv    | Lost mutation: Scrolls take you a little longer to read. [potion of cure mutation]
 14381 | IceCv    | Lost mutation: You are clumsy. (Dex -2) [potion of cure mutation]
 14381 | IceCv    | Lost mutation: You have large cloven feet. [potion of cure mutation]
 14381 | IceCv    | Lost mutation: Your system is resistant to poisons. [potion of cure mutation]
 14423 | IceCv    | XOM: medium Erth miscast
 14473 | Lair:4   | XOM: divination: detect creatures
 14511 | Lair:4   | XOM: harmless Summ miscast
 14608 | Lair:4   | Reached XP level 13. HP: 115/127 MP: 12/12
 14622 | Lair:4   | XOM: smoke on damage
 14699 | Lair:4   | XOM: silly message
 14713 | Lair:4   | XOM: harmless Chrm miscast
 14718 | Lair:4   | XOM: divination: detect creatures
 14743 | Lair:4   | XOM: polymorph eight-headed hydra -> something unseen
 14798 | Lair:4   | XOM: medium Trmt miscast
 14869 | Lair:3   | Gained mutation: You are frail (-10% HP). [mutagenic glow]
 14898 | Lair:4   | XOM: scenery: create altars
 14963 | Lair:4   | XOM: medium Chrm miscast
 15158 | Lair:4   | XOM: mild Hex miscast
 15166 | Lair:4   | XOM: enchant monster (bad)
 15168 | Lair:4   | XOM: chaos cloud
 15194 | Lair:4   | XOM: confusion (+ monsters)
 15430 | Lair:4   | XOM: divine lightning (protected)
 15435 | Lair:4   | Found a hole to the Spider Nest.
 15593 | Lair:4   | XOM: 3-stop teleportation journey
 15770 | Lair:4   | XOM: confuse monster(s)
 15776 | Lair:4   | Reached skill level 5 in Armour
 15811 | Lair:4   | XOM: enchant monster (good)
 15839 | Lair:4   | XOM: summons friendly iron imp
 15869 | Lair:3   | XOM: summons 3 friendly demons
 15898 | Lair:3   | XOM: cast spell 'Summon Butterflies'
 15910 | Lair:4   | XOM: enchant monster (bad)
 15915 | Lair:4   | XOM: summons 5 friendly demons
 15927 | Lair:4   | XOM: confuse monster(s)
 15956 | Lair:4   | Reached skill level 18 in Unarmed Combat
 15969 | Lair:4   | XOM: harmless Conj miscast
 16040 | Lair:4   | XOM: harmless Summ miscast
 16089 | Lair:4   | Killed a ghost moth
 16238 | Lair:5   | Noticed Snorg
 16246 | Lair:5   | Killed Snorg
 16251 | Lair:5   | XOM: summons friendly shadow imp
 16439 | Lair:5   | XOM: fog
 16509 | Lair:5   | Got a jewelled dagger
 16624 | Lair:5   | XOM: harmless Tloc miscast
 17160 | Lair:6   | XOM: potion effect (agility)
 17325 | Lair:6   | Found a staircase to the Swamp.
 17480 | Lair:6   | Found a shattered altar of Ashenzari.
 17524 | Lair:6   | XOM: potion effect (invisibility)
 17537 | Lair:6   | XOM: potion effect (brilliance)
 17548 | Lair:6   | XOM: smoke on damage
 17841 | Lair:6   | XOM: potion effect (invisibility)
 17910 | Lair:7   | XOM: harmless Ice miscast
 18019 | Lair:7   | Found a staircase to the Slime Pits.
 18029 | Lair:7   | XOM: mild Tloc miscast
 18119 | Lair:7   | XOM: potion effect (brilliance)
 18124 | Lair:7   | XOM: cast spell 'Cause Fear'
 18256 | Lair:7   | XOM: mild Necr miscast
 18435 | Lair:7   | XOM: harmless Trmt miscast
 18777 | Lair:8   | Entered Level 8 of the Lair of Beasts
 18873 | Lair:8   | XOM: god gift: metal-bound book {god gift}
 18879 | Lair:8   | Learned a level 1 spell: Summon Butterflies
 19018 | Lair:7   | XOM: god gift: jewelled fluorescent wand {god gift}
 19150 | Lair:8   | Reached XP level 14. HP: 121/126 MP: 13/13
 19191 | Lair:8   | XOM: medium Trmt miscast
 19235 | Lair:8   | XOM: enchant monster (bad)
 19242 | Lair:8   | XOM: polymorph yak -> guardian serpent
 19250 | Lair:8   | XOM: summons 3 hostile shadow creatures
 19263 | Lair:8   | XOM: polymorph spiny frog -> guardian serpent
 19375 | Lair:8   | XOM: polymorph steam dragon -> fire bat
 19468 | Lair:8   | XOM: give mutation
 19468 | Lair:8   | Lost mutation: You are frail (-10% HP). [Xom's mischief]
 19721 | Lair:8   | XOM: colour smoke trail
 19725 | Lair:8   | XOM: medium Fire miscast
 19781 | Lair:8   | XOM: harmless Conj miscast
 19845 | Lair:8   | XOM: scenery: 1 doors open
 19860 | Lair:8   | XOM: cast spell 'Cause Fear'
 19981 | Lair:8   | XOM: fog
 19983 | Lair:8   | Reached skill level 19 in Unarmed Combat
 20098 | Lair:8   | XOM: harmless Divn miscast
 20710 | D:11     | XOM: noise
 20729 | D:10     | Slain by a phantasmal warrior

Skill      XL: |  1  2  3  4  5  6  7  8  9 10 11 12 13 14 |
---------------+-------------------------------------------+-----
Dodging        | 2 |  2.2
Unarmed Combat | 4 5 6 7 9 11 13 14 15 17 18 19 | 19.2
Fighting       | 3 5 7 8 9 |  9.6
Armour         | 2 3 6 7 |  7.2
Throwing       | 4 |  4.6

Action                   |  1- 3 |  4- 6 |  7- 9 | 10-12 | 13-15 || total
-------------------------+-------+-------+-------+-------+-------++-------
Melee: Unarmed           |    56 |   128 |   362 |   668 |   434 ||  1648
       Punch             |       |     4 |     3 |    40 |    48 ||    95
       Kick              |       |       |    14 |   155 |       ||   169
Throw: Large rock        |       |       |       |    12 |     6 ||    18
       Javelin           |       |       |       |       |    17 ||    17
Evoke: Wand              |       |       |     7 |    28 |     7 ||    42
  Use: Scroll            |     2 |     1 |    12 |    11 |    10 ||    36
       Potion            |       |     1 |     5 |     9 |     1 ||    16
 Stab: Invisible         |       |       |     1 |       |     8 ||     9
       Paralysed         |       |       |       |     2 |       ||     2
       Confused          |       |       |       |     1 |       ||     1
  Eat: Chunk             |    14 |    15 |    49 |    72 |    54 ||   204
       Meat ration       |       |       |       |     1 |       ||     1
       Pizza             |       |       |       |     1 |       ||     1
Armor: Robe              |    27 |    45 |   136 |   201 |       ||   409
       Skin              |       |       |    18 |     4 |       ||    22
       Swamp dragon armo |       |       |       |     9 |   232 ||   241
Dodge: Dodged            |    31 |    72 |   149 |   221 |   156 ||   629
